 Dungeon Crawl Stone Soup version 0.18-a0-1689-g473dde0 (webtiles) character file.

414 Geomchi the Caller (level 6, -6/28 HPs)
             Began as a Vine Stalker Summoner on Apr 4, 2016.
             Mangled by Duvessa
             ... wielding a +0 short sword
              (18 damage)
             ... on level 5 of the Dungeon on Apr 5, 2016.
             The game lasted 00:13:17 (4238 turns).

Geomchi the Caller (Vine Stalker Summoner)          Turns: 4238, Time: 00:13:18

Health: -6/28      AC:  7    Str: 10    XL:     6   Next: 91%
Magic:  0/12       EV:  7    Int: 17    God:
Gold:   213        SH:  0    Dex: 15    Spells: 4 memorised, 2 levels left

rFire  . . .     SeeInvis .     s - +0 spear
rCold  . . .     Gourm    .     a - +0 robe
rNeg   . . .     Faith    +     (no shield)
rPois  .         Spirit   +     n - +2 hat
rElec  .         Dismiss  .     x - +0 cloak
rCorr  .         Reflect  .     f - +0 pair of gloves
SustAt .         Harm     .     q - +0 pair of boots
MR     .....                    u - amulet of faith
Stlth  ++........               (no ring)
                                (no ring)

@: not resistant to hostile enchantments, unstealthy
A: fangs 2, regeneration 2, magic shield, antimagic bite, no device heal 3, rot
immunity
a: no special abilities


You were on level 5 of the Dungeon.
You were hungry.

You visited 1 branch of the dungeon, and saw 5 of its levels.

You collected 213 gold pieces.

Inventory:

Hand Weapons
 d - a +0 short sword
 s - a +0 spear (weapon)
Armour
 a - a +0 robe (worn)
 f - a +0 pair of gloves (worn)
 n - a +2 hat (worn)
 q - a +0 pair of boots (worn)
 x - a +0 cloak (worn)
Jewellery
 e - an uncursed ring of fire
 u - an amulet of faith (around neck)
Scrolls
 g - 2 scrolls of fog
 k - 5 scrolls of fear {unknown}
 l - 2 scrolls of enchant armour {unknown}
 t - a scroll of magic mapping {unknown}
 w - a scroll of enchant weapon {unknown}
 y - 2 scrolls of remove curse
Potions
 h - 2 potions of flight
 i - a potion of cure mutation {unknown}
 m - a potion of brilliance {unknown}
 o - 3 potions of curing
 p - a potion of ambrosia {unknown}
 v - 2 potions of haste {unknown}
 A - a potion of degeneration {unknown}
Books
 b - a book of Callings

   Spells                             Type                      Level
   a - Summon Small Mammal            Summoning                    1
   b - Call Imp                       Summoning                    2
   c - Call Canine Familiar           Summoning                    3
   d - Summon Guardian Golem          Hexes/Summoning              3
   e - Summon Lightning Spire         Summoning/Air                4
   f - Summon Ice Beast               Ice/Summoning                4
 r - a book of Envenomations

   Spells                             Type                      Level
   a - Spider Form                    Transmutation/Poison         3
   b - Olgreb's Toxic Radiance        Poison                       4
   c - Alistair's Intoxication        Transmutation/Poison         5
   d - Poisonous Cloud                Conjuration/Poison/Air       6
Comestibles
 c - 3 bread rations {@e1}
 j - 3 meat rations {@e2}
 z - 2 chunks of flesh {@w0}


   Skills:
 - Level 1.5 Dodging
 - Level 2.4 Stealth
 - Level 3.5 Spellcasting
 + Level 7.1 Summonings
 + Level 2.0 Ice Magic


You had 2 spell levels left.
You knew the following spells:

 Your Spells              Type           Power        Failure   Level  Hunger
a - Summon Small Mammal   Summ           ####         1%          1    None
b - Call Imp              Summ           ####....     1%          2    ##.....
c - Call Canine Familiar  Summ           ####....     3%          3    ###....
d - Summon Ice Beast      Ice/Summ       ###.....     30%         4    ####...


Dungeon Overview and Level Annotations

Branches:
Dungeon (5/15)
 Temple: D:4-7

Altars:
Pakellas
Trog

Annotations:
D:5 Duvessa


Innate Abilities, Weirdness & Mutations

You have extremely sharp teeth.
You heal very quickly.
When hurt, damage is shared between your health and your magic reserves.
Your bite disrupts and absorbs the magic of your enemies.
Potions and wands cannot restore your health.
You are immune to rotting.


Message History

You barely miss Duvessa.
Your crimson imp disappears in a puff of smoke!
Your crimson imp blinks!
Duvessa hits you with a short sword.
You take 1 damage, and have 17/28 hp.
You now have 0/12 mp.
Duvessa rages.
Duvessa hits you with a short sword!
You take 6 damage, and have 11/28 hp.
MASSIVE DAMAGE!!
Drink which item? (? for menu, Esc to quit)
Okay, then.
Read which item? (? for menu, Esc to quit)
Okay, then.
Unknown command.
Drink which item? (? for menu, Esc to quit)
Okay, then.
Unknown command.
There is a stone staircase leading up here.
Duvessa hits you but does no damage. Duvessa hits you with a short sword!!
Ouch! That really hurt!
You die...

#......#.........
+.....##...##....
#.....##...# ...
#?....##...# ..
###.....##...#
.............#
.............#
........5.e..#
........##@..#
###....ยง##...#
#.....##5...#
#...........#
#...........#
#...........#
##..... #......


You could see Duvessa (berserk) and 2 friendly crimson imps.

Vanquished Creatures
  An orc wizard (D:3)
  A hound skeleton (D:4)
  2 adders
  An ooze (D:4)
  A worm (D:4)
  A dart slug (D:1)
  A giant gecko (D:1)
  An orc (D:3)
  A ball python (D:3)
  3 bats (D:1)
  2 giant cockroaches
  A goblin (D:1)
  5 hobgoblins
  A jackal (D:2)
  A quokka (D:3)
  A giant newt (D:1)
  4 kobolds
  5 rats
33 creatures vanquished.

Vanquished Creatures (collateral kills)
  An ogre (D:4)
  Dowan (D:5)
  A scorpion (D:4)
  A hound (D:3)
  An orc wizard (D:4)
  Jessica (D:2)
  A giant frog skeleton (D:4)
  Natasha (D:2)
  An iguana (D:4)
  A worker ant (D:4)
  10 adders
  4 gnolls (D:3)
  4 worms
  3 dart slugs
  3 giant geckos
  15 orcs
  2 giant cockroaches
  8 hobgoblins
  6 jackals (D:2)
  7 kobolds
  A quokka (D:3)
  A ball python skeleton (D:4)
  2 bats (D:2)
  2 giant newts (D:2)
  6 goblins
  5 rats
89 creatures vanquished.

Vanquished Creatures (others)
  A yak (D:2)
1 creature vanquished.

Grand Total: 123 creatures vanquished

Notes
Turn   | Place    | Note
--------------------------------------------------------------
     0 | D:1      | Geomchi the Vine Stalker Summoner began the quest for the Orb.
     0 | D:1      | Reached XP level 1. HP: 9/9 MP: 4/4
   272 | D:1      | Reached XP level 2. HP: 13/13 MP: 4/6
   280 | D:1      | Learned a level 2 spell: Call Imp
   709 | D:2      | Reached XP level 3. HP: 14/16 MP: 6/8
   714 | D:2      | Learned a level 3 spell: Call Canine Familiar
   849 | D:2      | Reached XP level 4. HP: 14/21 MP: 2/10
  1318 | D:2      | Noticed Jessica
  1335 | D:2      | Killed Jessica
  1335 | D:2      | Reached skill level 5 in Summonings
  1425 | D:2      | Noticed Natasha
  1440 | D:2      | Killed Natasha
  1530 | D:2      | Found an oddly glowing altar of Pakellas.
  1530 | D:2      | Noticed an orange crystal statue
  1531 | D:2      | Noticed a yak
  1549 | D:2      | Killed a yak
  1798 | D:3      | Reached XP level 5. HP: 22/24 MP: 5/11
  2349 | D:3      | Reached skill level 6 in Summonings
  2839 | D:4      | Upgraded the game from 0.18-a0-1685-g4482fe3 to 0.18-a0-1689-g473dde0
  2946 | D:4      | Gained mutation: You heal very quickly. [Vine Stalker growth]
  2946 | D:4      | Reached XP level 6. HP: 28/28 MP: 12/12
  3028 | D:4      | Found a bloodstained altar of Trog.
  3266 | D:4      | Learned a level 4 spell: Summon Ice Beast
  3544 | D:4      | Reached skill level 1 in Ice Magic
  3811 | D:4      | Reached skill level 7 in Summonings
  4133 | D:5      | Entered Level 5 of the Dungeon
  4216 | D:5      | Noticed Dowan
  4222 | D:5      | Noticed Duvessa
  4224 | D:5      | Killed Dowan
  4238 | D:5      | Mangled by Duvessa

Vault maps used:
D:1:      dpeg_arrival_radiant
D:2:      gammafunk_pakellas_statue_experiment, uniq_jessica, uniq_natasha
D:4:      trog_hazing_becter
D:5:      kennysheep_mini_moat, nemelex_deck, nicolae_overflow_crystal_walls,
          first_bread, uniq_pikel, uniq_menkaure, uniq_duvessa

Skill      XL: |  1  2  3  4  5  6 |
---------------+-------------------+-----
Spellcasting   | 3 |  3.5
Summonings     | 5 6 7 |  7.1
Ice Magic      | 2 |  2.0
Dodging        | |  1.5
Stealth        | |  2.4

Action                   |  1- 3 |  4- 6 || total
-------------------------+-------+-------++-------
Melee: Short sword       |    65 |    15 ||    80
       Spear             |       |    61 ||    61
 Cast: Summon Small Mamm |     9 |    22 ||    31
       Call Imp          |     5 |    59 ||    64
       Call Canine Famil |     2 |    24 ||    26
       Summon Ice Beast  |       |     1 ||     1
  Use: Scroll            |     3 |     2 ||     5
 Stab: Sleeping          |     2 |     3 ||     5
       Distracted        |       |     1 ||     1
  Eat: Chunk             |       |    15 ||    15
